 Dungeon Crawl Stone Soup version 0.30-a0-953-g5f1da4a474 (webtiles) character file.

Game seed: 12393969655743437075

61213 xian the Cleaver (level 14, -2/111 HPs)
             Began as a Demonspawn Artificer on Mar 29, 2023.
             Was a High Priest of Okawaru.
             Slain by a skyshark (19 damage)
             ... on level 5 of the Lair of Beasts.
             The game lasted 01:01:01 (16750 turns).

xian the Cleaver (Demonspawn Artificer)            Turns: 16750, Time: 01:01:01

Health: -2/111     AC: 16    Str: 17    XL:     14   Next: 59%
Magic:  0/18       EV: 13    Int: 15    God:    Okawaru [*****.]
Gold:   1001       SH: 16    Dex: 16    Spells: 13/13 levels left

rFire   . . .      SeeInvis +    f - +11 hand axe of Destiny {flame, rC++ rCorr Int-2}
rCold   + + .      Faith    .    H - +2 buckler of Ignis {Dex+2 SInv}
rNeg    . . .      Spirit   +    t - +4 ring mail of Resonance {Slay+3}
rPois   +          Reflect  .    (helmet restricted)
rElec   .          Rampage  .    m - +1 cloak of Boredom {+Inv rPois rC-}
rCorr   +                        S - +2 pair of gloves {infuse}
Will    +....                    (no boots)
Stlth   +                        F - amulet of Impatience {Spirit Int+4}
HPRegen 0.38/turn                p - ring of protection from fire
MPRegen 0.16/turn                z - ring of ice

@: no status effects
A: horns 2, large bone plates 1, (demonic guardian 2), condensation shield
a: Renounce Religion, Evoke Invisibility, Heroism, Finesse, Duel


You were on level 5 of the Lair of Beasts.
You worshipped Okawaru.
Okawaru was extremely pleased with you.
You visited 4 branches of the dungeon, and saw 17 of its levels.
You also visited: Bailey and Gauntlet.

You collected 1021 gold pieces.
You spent 20 gold pieces at shops.

Inventory:

Hand Weapons
 f - the +11 hand axe of Destiny (weapon) {flame, rC++ rCorr Int-2}
   (You found it on level 8 of the Dungeon)

   Int:       It affects your intelligence (-2).
   rC:        It greatly protects you from cold.
   rCorr:     It protects you from acid and corrosion.
 n - a +10 broad axe
Missiles
 c - 21 boomerangs
 d - 4 boomerangs of dispersal
 s - 35 poisoned darts (quivered)
 E - 5 atropa-tipped darts
 I - 2 silver javelins
 O - 12 javelins
Armour
 a - a +1 tower shield of positive energy
 m - the +1 cloak of Boredom (worn) {+Inv rPois rC-}
   (You found it in a Gauntlet)

   rC:        It makes you vulnerable to cold.
   rPois:     It protects you from poison.
   +Inv:      It lets you turn invisible.
 t - the +4 ring mail of Resonance (worn) {Slay+3}
   (You found it on level 6 of the Dungeon)

   Slay:      It affects your accuracy & damage with ranged weapons and melee
   (+3).
 H - the +2 buckler of Ignis (worn) {Dex+2 SInv}
   (You found it in a bailey)

   Dex:       It affects your dexterity (+2).
   SInv:      It lets you see invisible.
 S - a +2 pair of gloves of infusion (worn)
 U - the +5 kite shield of Abstinence {rElec Int+6}
   (You found it in a Gauntlet)

   Int:       It affects your intelligence (+6).
   rElec:     It insulates you from electricity.
Magical Staves
 R - the staff of poison "Ibimiq" {rPois Str+6}
   (You found it in a Gauntlet)

   [staff of poison]

   Base accuracy: +5 Base damage: 5 Base attack delay: 1.2 This weapon's minimum
   attack delay (0.6) is reached at skill level 12.
   Str:       It affects your strength (+6).
   rPois:     It protects you from poison.
   It falls into the 'Staves' category.
   It is a one-handed weapon.
Jewellery
 p - a ring of protection from fire (left hand)
 z - a ring of ice (right hand)
 F - the amulet of Impatience (around neck) {Spirit Int+4}
   (You found it on level 8 of the Dungeon)

   [amulet of guardian spirit]

   It causes incoming damage to be divided between your reserves of health and
   magic.
   Int:       It affects your intelligence (+4).
Wands
 e - a wand of iceblast (3)
 q - a wand of polymorph (10)
 x - a wand of digging (6)
 A - a wand of mindburst (21)
 N - a wand of flame (30)
 P - a wand of roots (3)
Scrolls
 o - 10 scrolls of fog
 r - 3 scrolls of magic mapping
 u - 3 scrolls of vulnerability
 v - 6 scrolls of enchant weapon
 y - 3 scrolls of immolation
 D - a scroll of fear
 J - 3 scrolls of teleportation
 K - a scroll of silence
 L - 3 scrolls of enchant armour
 M - a scroll of poison
 Q - 3 scrolls of blinking
Potions
 b - 5 potions of curing
 g - 2 potions of magic {unknown}
 h - 2 potions of resistance
 i - 6 potions of heal wounds
 j - 2 potions of lignification {unknown}
 k - 3 potions of invisibility {unknown}
 l - 3 potions of brilliance
 w - 3 potions of berserk rage
 B - 4 potions of haste
 C - 3 potions of flight
 G - a potion of cancellation
Miscellaneous
 T - a condenser vane


   Skills:
 + Level 10.9 Fighting
 - Level 6.4 Short Blades
 + Level 12.4 Axes
 + Level 0.7(7.9) Maces & Flails
 + Level 8.9 Throwing
 + Level 9.2 Armour
 + Level 5.6 Dodging
 - Level 1.6 Stealth
 + Level 7.9 Shields
 + Level 5.8 Invocations
 + Level 4.3 Evocations


You had 13 spell levels left.
You didn't know any spells.
Your spell library contained the following spells:

 Spells                   Type           Power      Damage    Failure   Level
 Magic Dart               Conj           0%         1d3       50%         1
 Blink                    Tloc           0%         N/A       63%         2
 Lesser Beckoning         Tloc           0%         N/A       63%         2
 Momentum Strike          Conj/Tloc      0%         3d8       63%         2
 Searing Ray              Conj           0%         2d4       63%         2
 Sublimation of Blood     Necr           0%         N/A       63%         2
 Dazzling Flash           Conj/Hex       0%         N/A       86%         3
 Ignite Poison            Fire/Tmut/Pois 0%         N/A       86%         3
 Kindle Blastsparks       Fire/Tloc/Air  0%         2d10      86%         3
 Ozocubu's Armour         Ice            0%         N/A       86%         3
 Fulminant Prism          Conj/Hex       0%         3d5       99%         4
 Iskenderun's Mystic Bla  Conj/Tloc      0%         2d3       99%         4
 Manifold Assault         Tloc           0%         N/A       99%         4
 Petrify                  Tmut/Erth      0%         N/A       99%         4
 Sticky Flame             Conj/Fire      0%         2d3       99%         4
 Agony                    Necr           0%         N/A       100%        5
 Freezing Cloud           Conj/Ice/Air   0%         6-21      100%        5
 Irradiate                Conj/Tmut      0%         3d11      100%        5
 Lee's Rapid Deconstruct  Erth           0%         3d4*      100%        5
 Metabolic Englaciation   Hex/Ice        0%         N/A       100%        5
 Silence                  Hex/Air        0%         N/A       100%        5
 Dispersal                Tloc           0%         N/A       100%        6
 Eringya's Noxious Bog    Tmut/Pois      0%         N/A       100%        6
 Starburst                Conj/Fire      0%         6d3       100%        6
 Disjunction              Tloc           0%         N/A       100%        8
 Ignition                 Fire           0%         3d3       100%        8
 Call Imp                 Summ           Unusable   N/A       N/A         2
 Summon Lightning Spire   Summ/Air       Unusable   N/A       N/A         4
 Simulacrum               Ice/Necr       Unusable   N/A       N/A         6

Dungeon Overview and Level Annotations

Branches:
Dungeon (10/15)            Temple (1/1) D:5            Lair (5/5) D:10
 Shoals (0/4) Lair:2       Spider (0/4) Lair:2          Orc (1/2) D:9
 Bailey (visited)         Gauntlet (visited)
  Slime: Lair:4-5

Altars:
Ashenzari
Cheibriados
Dithmenos
Fedhas
Gozag
Hepliaklqana
Kikubaaqudgha
Makhleb
Nemelex Xobeh
Okawaru
Qazlal
Ru
Sif Muna
Trog
Uskayaw
Vehumet
Wu Jian
Xom
Yredelemnul

Shops:
D:3 ?   Orc:1 (


Innate Abilities, Weirdness & Mutations

You have a pair of horns on your head.
You are partially covered in large bone plates. (SH +4)
((A demonic guardian rushes to your aid.))
A meltable shield of frost defends you. (SH +4)


Message History

You block the cane toad's attack.
You hit the skyshark. You burn the skyshark. You headbutt the skyshark.
The skyshark is severely wounded.
You hit the cane toad but do no damage. You hit the tyrant leech.
You burn the tyrant leech. The skyshark bites you.
The skyshark enters a blood-rage!
You block the skyshark's attack. x2
You block the tyrant leech's attack. You block the cane toad's attack.
You slash the skyshark! You burn the skyshark. You headbutt the skyshark.
The skyshark is severely wounded.
You hit the cane toad. You burn the cane toad. You hit the tyrant leech.
You burn the tyrant leech. The skyshark bites you!
The skyshark tail-slaps you but does no damage. x2
Unknown command.
You hit the skyshark but do no damage.
The skyshark is severely wounded.
You barely miss the cane toad. You slash the tyrant leech!
You burn the tyrant leech. The cane toad stings you.
You block the skyshark's attack. x2; The skyshark tail-slaps you.
The tyrant leech barely misses you.
You slash the skyshark! You burn the skyshark.
The skyshark is almost dead.
You hit the cane toad. You burn the cane toad.
You barely miss the tyrant leech.
The skyshark bites you but does no damage.
You block the skyshark's attack. The skyshark tail-slaps you.
You block the cane toad's attack.
You hit the skyshark. You burn the skyshark.
The skyshark is almost dead.
You hit the cane toad. You burn the cane toad. You hit the tyrant leech.
You burn the tyrant leech. You block the tyrant leech's attack.
The skyshark bites you!!
* * * LOW HITPOINT WARNING * * *
The skyshark barely misses you. You block the skyshark's attack.
The cane toad stings you but does no damage.
You feel much better. You block the skyshark's attack. x3
You block the cane toad's attack. The tyrant leech bites you!!
* * * LOW HITPOINT WARNING * * *
The tyrant leech draws strength from your injuries!
The skyshark bites you!!
You die...

....~~# #.P.~~#
##...~### ...~P~~##
########## ..~.~~~~#
#P#.#.##.#####...~~~≈#
#......#....#...~~~~≈~
#....†..†...[.l~~P~~~~
#..<.†......††@w~~~~~~
#....†.....<..F~..~P~~
####.#.#..#..#.#.~~~~~
########P#..#..~~~~
###..##..~~~
##..#~.~P≈ ...##..~~
.... .~.~


You could see a skyshark (berserk), a tyrant leech and a cane toad.

Vanquished Creatures
  An orc warlord (Bailey)
  A minotaur (Gauntlet)
  A hydra (Lair:4)
  6 death yaks (Lair:3)
  4 skysharks
  Sonja (D:10)
  A fire crab (Gauntlet)
  Pikel (D:9)
  14 elephants
  A merfolk siren (Lair:2)
  Joseph (D:9)
  3 black mambas
  A gargoyle (D:10)
  3 torpor snails
  15 cane toads
  A rime drake (Lair:3)
  2 kobold demonologists (D:10)
  Psyche (D:10)
  4 komodo dragons
  3 trolls
  28 blink frogs
  A wraith (D:10)
  3 large abominations (Gauntlet)
  27 yaks
  3 wyverns
  5 fire bats (Gauntlet)
  4 small abominations (Gauntlet)
  A steam dragon (D:9)
  A redback (Lair:2)
  A basilisk (Lair:1)
  3 vampire mosquitoes (Lair:5)
  Menkaure (D:5)
  Edmund (D:6)
  4 wargs
  2 acid dragons
  A hell hound (Gauntlet)
  6 water moccasins
  2 sky beasts (D:7)
  A black bear (D:7)
  2 ice beasts
  4 orc warriors (Bailey)
  15 wolves
  3 ogres
  A centaur (D:6)
  A lemure (D:9)
  10 bullfrogs
  5 kobold brigands
  A scorpion (D:7)
  An electric eel (Lair:1)
  6 howler monkeys
  5 hounds
  6 orc priests
  2 jellies
  4 gnoll boudas
  Jessica (D:2)
  7 iguanas
  A sleepcap (D:5)
  11 orc wizards
  25 gnolls
  6 adders
  2 shadow imps
  2 white imps
  An ufetubus (D:7)
  3 worms
  A dart slug (D:4)
  42 orcs
  8 bats
  6 endoplasms
  3 giant cockroaches
  9 hobgoblins
  3 jackals (D:4)
  2 quokkas
  5 ball pythons
  7 frilled lizards
  13 goblins
  42 kobolds
  11 rats
  A butterfly (Lair:2)
438 creatures vanquished.

Vanquished Creatures (others)
  An orc wizard (D:8)
  2 bushes (Lair:5)
  18 fungi
  66 plants
87 creatures vanquished.

Grand Total: 525 creatures vanquished

Notes
Turn   | Place    | Note
-------+----------+-------------------------------------------
     0 | D:1      | xian the Demonspawn Artificer began the quest for the Orb.
     0 | D:1      | Reached XP level 1. HP: 15/15 MP: 1/1
    84 | D:1      | Reached skill level 1 in Dodging
   190 | D:1      | Gained mutation: You have a pair of small horns on your
                  | head. [demonic ancestry]
   190 | D:1      | Reached XP level 2. HP: 7/21 MP: 2/2
   559 | D:1      | Reached XP level 3. HP: 26/26 MP: 3/3
  1021 | D:2      | Reached skill level 1 in Short Blades
  1102 | D:2      | You fall into a shaft and drop 1 floor!
  1298 | D:2      | Noticed Jessica
  1307 | D:2      | Killed Jessica
  1308 | D:2      | Reached XP level 4. HP: 32/32 MP: 4/4
  1598 | D:2      | Reached XP level 5. HP: 11/37 MP: 5/5
  2135 | D:3      | Found Eklugg's Magic Scroll Shoppe.
  2144 | D:3      | Bought a scroll of identify for 20 gold pieces
  2811 | D:4      | Reached skill level 1 in Throwing
  2811 | D:4      | Gained mutation: You have a pair of horns on your head.
                  | [demonic ancestry]
  2811 | D:4      | Reached XP level 6. HP: 11/44 MP: 6/6
  4137 | D:4      | Reached XP level 7. HP: 35/49 MP: 7/7
  4401 | D:5      | Entered Level 5 of the Dungeon
  4663 | D:5      | Noticed Menkaure
  4666 | D:5      | Killed Menkaure
  4667 | D:5      | Reached skill level 5 in Armour
  4819 | D:5      | Found a staircase to the Ecumenical Temple.
  4833 | Temple   | Entered the Ecumenical Temple
  5204 | Temple   | Became a worshipper of Warmaster Okawaru
  5321 | D:5      | Gained mutation: A meltable shield of frost defends you.
                  | (SH +4) [demonic ancestry]
  5321 | D:5      | Reached XP level 8. HP: 34/57 MP: 8/8
  5814 | D:6      | Found an ornate altar of the Wu Jian Council.
  5864 | D:6      | Identified the +4 ring mail of Resonance {Slay+3}
  6300 | D:6      | Reached * piety under Okawaru
  6301 | D:6      | Reached skill level 1 in Stealth
  6481 | D:6      | Noticed Edmund
  6493 | D:6      | Killed Edmund
  6616 | D:6      | Reached skill level 5 in Short Blades
  7051 | D:7      | Reached skill level 1 in Shields
  7061 | D:7      | Reached XP level 9. HP: 58/65 MP: 9/9
  7118 | D:7      | Reached ** piety under Okawaru
  7862 | D:8      | Found a flagged portal.
  7964 | D:8      | Identified the +11 hand axe of Destiny {flame, rC++ rCorr
                  | Int-2}
  8016 | Bailey   | Entered a bailey
  8028 | Bailey   | Noticed an orc warlord
  8169 | Bailey   | Found a runed translucent gate.
  8171 | Bailey   | Found a runed translucent gate.
  8174 | Bailey   | Found a runed translucent gate.
  8228 | Bailey   | Reached skill level 5 in Axes
  8228 | Bailey   | Gained mutation: A weak demonic guardian rushes to your
                  | aid. [demonic ancestry]
  8228 | Bailey   | Reached XP level 10. HP: 80/80 MP: 10/10
  8229 | Bailey   | Reached skill level 7 in Axes
  8229 | Bailey   | Gained mutation: You are partially covered in large bone
                  | plates. (SH +4) [demonic ancestry]
  8229 | Bailey   | Reached XP level 11. HP: 89/89 MP: 11/11
  8322 | Bailey   | Killed an orc warlord
  8354 | Bailey   | Identified the +2 buckler of Ignis {Dex+2 SInv}
  8579 | Bailey   | Reached skill level 8 in Axes
  8579 | Bailey   | Reached XP level 12. HP: 95/95 MP: 11/15
  8852 | D:8      | Found a sacrificial altar of Ru.
  8898 | D:8      | Reached skill level 5 in Invocations
  8957 | D:8      | Identified the amulet of Impatience {Spirit Int+4}
  9122 | D:9      | Found a staircase to the Orcish Mines.
  9141 | D:9      | Noticed Joseph
  9141 | D:9      | Noticed Pikel
  9159 | D:9      | Killed Joseph
  9162 | D:9      | Killed Pikel
  9162 | D:9      | Reached *** piety under Okawaru
 10252 | Orc:1    | Entered Level 1 of the Orcish Mines
 10252 | Orc:1    | Found Ceecoseib's Weapon Shoppe.
 10375 | D:10     | Entered Level 10 of the Dungeon
 10438 | D:10     | Found a staircase to the Lair.
 10449 | D:10     | Reached skill level 9 in Axes
 10703 | D:10     | Received a gift from Okawaru
 10878 | D:10     | Gained mutation: A demonic guardian rushes to your aid.
                  | [demonic ancestry]
 10878 | D:10     | Reached XP level 13. HP: 94/101 MP: 16/16
 10901 | D:10     | Noticed Psyche
 10902 | D:10     | Noticed Sonja
 10911 | D:10     | Reached skill level 5 in Shields
 10911 | D:10     | Killed Psyche
 10913 | D:10     | Killed Sonja
 10913 | D:10     | Reached **** piety under Okawaru
 11296 | Lair:1   | Entered Level 1 of the Lair of Beasts
 11520 | Lair:1   | Reached skill level 10 in Axes
 12725 | Lair:2   | Reached ***** piety under Okawaru
 12726 | Lair:2   | Found a hole to the Spider Nest.
 12786 | Lair:2   | Found a staircase to the Shoals.
 12952 | Lair:2   | Got Guschoyco's Encyclopedia of Cankerous Adjuration
 13908 | Lair:3   | Received a gift from Okawaru
 14064 | Lair:3   | Reached skill level 10 in Fighting
 14075 | Lair:3   | Reached skill level 5 in Dodging
 14092 | Lair:3   | Reached skill level 11 in Axes
 14166 | Lair:3   | Reached XP level 14. HP: 81/110 MP: 16/18
 14854 | Lair:4   | Found a gate leading to a gauntlet.
 14863 | Gauntlet | Entered a Gauntlet
 14863 | Gauntlet | Found a large runed translucent door.
 14863 | Gauntlet | Found a large runed translucent door.
 14863 | Gauntlet | Found a large runed translucent door.
 14863 | Gauntlet | Found a large runed translucent door.
 14863 | Gauntlet | Found a large runed translucent door.
 14863 | Gauntlet | Found a large runed translucent door.
 14863 | Gauntlet | Found a large runed translucent door.
 14863 | Gauntlet | Found a large runed translucent door.
 14863 | Gauntlet | Found a runed translucent door.
 14863 | Gauntlet | Found a runed translucent gate.
 14863 | Gauntlet | Found a transporter.
 14863 | Gauntlet | Found a transporter.
 14863 | Gauntlet | Found a runed translucent gate.
 14863 | Gauntlet | Found a transporter.
 14866 | Gauntlet | Found a transporter.
 14873 | Gauntlet | Found a transporter.
 14874 | Gauntlet | Found a runed translucent gate.
 14874 | Gauntlet | Found a runed translucent door.
 14876 | Gauntlet | Found a large runed translucent door.
 14876 | Gauntlet | Found a large runed translucent door.
 14877 | Gauntlet | Found a large runed translucent door.
 14878 | Gauntlet | Found a large runed translucent door.
 14894 | Gauntlet | Found a transporter.
 14902 | Gauntlet | Found a transporter.
 14903 | Gauntlet | Found a transporter.
 14904 | Gauntlet | Found a transporter.
 14911 | Gauntlet | Found a transporter.
 14911 | Gauntlet | Found a transporter.
 14945 | Gauntlet | Found a transporter.
 14988 | Gauntlet | Found a large runed translucent door.
 14988 | Gauntlet | Found a large runed translucent door.
 14997 | Gauntlet | Found a large runed translucent door.
 14998 | Gauntlet | Found a large runed translucent door.
 15181 | Gauntlet | Identified the +0 helmet of Masochism {rN+ Int+3}
 15220 | Gauntlet | Received a gift from Okawaru
 15457 | Gauntlet | Identified the staff of poison "Ibimiq" {rPois Str+6}
 15557 | Gauntlet | Identified the +1 troll leather armour of Poca {+Blink rC+
                  | Regen+ rCorr}
 15560 | Gauntlet | Identified the +1 cloak of Boredom {+Inv rPois rC-}
 15591 | Gauntlet | Identified the +5 kite shield of Abstinence {rElec Int+6}
 15819 | Lair:4   | Reached skill level 12 in Axes
 16331 | Lair:4   | Received a gift from Okawaru
 16498 | Lair:5   | Entered Level 5 of the Lair of Beasts
 16702 | Lair:5   | Identified the +9 plate armour of Okawaru's Outrage {Harm
                  | rElec rF+ Will-} (Okawaru gifted it to you on level 5 of
                  | the Lair of Beasts)
 16702 | Lair:5   | Received a gift from Okawaru
 16750 | Lair:5   | Slain by a skyshark

Illustrated notes

Levels and vault maps discovered:
D:1:      enne_arrival_octagon_isle, layout_rooms
D:2:      layout_rooms, minmay_door_square, uniq_jessica
D:3:      layout_loops_ring, serial_shops, shop
D:4:      minmay_bubble_buster, layout_layer_cave
D:5:      layout_rooms, minmay_temple_entry_antechambers, uniq_menkaure
D:6:      layout_layer_cave, marbit_many_paths, uniq_edmund
D:7:      layout_cave_pods, minmay_misc_feat_room
D:8:      layout_gridville, nicolae_ru_great_annihilating_truth, enter_bailey_2
D:9:      layout_stronghold, orc_0_dummy, minivault_1, uniq_joseph, uniq_pikel
D:10:     layout_irregular_city, erik_lair_orcish_takeover, uniq_sonja,
          uniq_psyche
Temple:   mainiacjoe_temple_cubbyholes
Lair:1:   layout_layer_cave, nicolae_quartered_pool_super
Lair:2:   layout_chaotic_city, minmay_shoals_entry_lonely_mermaid,
          spider_nest_entry_a, lemuel_fruit_fields
Lair:3:   layout_hall_layers, grunt_megastairs_4, infiniplex_staircase_pool
Lair:4:   layout_long_grid, gauntlet_entry_generic
Lair:5:   minmay_lair_end_frog_pond, layout_hall_layers,
          minmay_slime_entry_oklob_enclosed, chequers_serial_rivers_room_b
Orc:1:    layout_caves, serial_shops, shop, uniq_erolcha

Skill      XL: |  1  2  3  4  5  6  7  8  9 10 11 12 13 14 |
---------------+-------------------------------------------+-----
Dodging        | 1 2 3 4 5 |  5.6
Armour         | 2 3 4 6 7 8 9 |  9.2
Short Blades   | 1 2 3 5 6 |  6.4
Throwing       | 1 2 6 7 8 |  8.9
Evocations     | 4 |  4.3
Fighting       | 2 3 7 9 10 | 10.9
Stealth        | 1 |  1.6
Shields        | 1 3 4 7 |  7.9
Axes           | 5 7 8 9 11 12 | 12.4
Invocations    | 4 5 |  5.8
Maces & Flails | |  0.7

Action                     |  1- 3 |  4- 6 |  7- 9 | 10-12 | 13-15 || total
---------------------------+-------+-------+-------+-------+-------++-------
  Melee: Club              |    41 |       |       |       |       ||    41
         Dagger            |   130 |   265 |   305 |       |       ||   700
         Headbutt          |    11 |    54 |    87 |    24 |   141 ||   317
         Punch             |       |     2 |     7 |     1 |       ||    10
         Hand axe          |       |       |    34 |   123 |   503 ||   660
  Throw: Stone             |       |    14 |    16 |    37 |    69 ||   136
         Dart              |       |     2 |    14 |     1 |    19 ||    36
         Boomerang         |       |       |       |       |     3 ||     3
 Invoke: Heroism           |       |       |       |     3 |     6 ||     9
         Finesse           |       |       |       |       |     4 ||     4
  Evoke: Wand              |     6 |     9 |     2 |       |       ||    17
    Use: Potion            |       |     1 |     5 |     2 |     1 ||     9
         Scroll            |       |     5 |     5 |     8 |     6 ||    24
   Stab: Paralysed         |       |       |       |     1 |       ||     1
 Armour: Leather armour    |    46 |       |       |       |       ||    46
         Plate armour      |    35 |   244 |    86 |       |       ||   365
         Ring mail         |     1 |       |   137 |    35 |   151 ||   324
  Dodge: Dodged            |   104 |    72 |   122 |    35 |   196 ||   529
  Block: Other             |       |       |    27 |     6 |       ||    33
         Buckler           |       |       |       |    78 |   397 ||   475

Table legend: (Time is in decaauts)
 A = Elapsed time spent in this place.
 B = Non-inter-level travel time spent in this place.
 C = Inter-level travel time spent in this place.
 D = Time resting spent in this place.
 E = Time spent auto-exploring this place.
 F = Levels seen in this place.
 G = Mean time per level.
                   A        B        C        D        E       F      G
               +--------+--------+--------+--------+--------+-----+--------+
         Total |  16525 |  16058 |    467 |    219 |  10713 |  19 |  869.7 |
       Dungeon |  10111 |   9806 |    305 |    166 |   6770 |  10 | 1011.1 |
        Temple |    426 |    371 |     55 |      0 |    348 |   1 |  426.0 |
          Lair |   4430 |   4323 |    107 |     35 |   3067 |   5 |  886.0 |
  Orcish Mines |     79 |     79 |      0 |      0 |      0 |   1 |   79.0 |
        Bailey |    576 |    576 |      0 |      0 |    192 |   1 |  576.0 |
      Gauntlet |    901 |    901 |      0 |     18 |    336 |   1 |  901.0 |
               +--------+--------+--------+--------+--------+-----+--------+

Top non-repeatable levels by time:
     D:4: 2010 daAuts
  Lair:1: 1247 daAuts
     D:9: 1177 daAuts
     D:6: 1155 daAuts
  Lair:3: 1114 daAuts
  Lair:4: 965 daAuts
     D:3: 935 daAuts
     D:7: 925 daAuts
Gauntlet: 901 daAuts
    D:10: 900 daAuts
  Lair:2: 874 daAuts
     D:1: 824 daAuts
     D:2: 802 daAuts
     D:5: 721 daAuts
     D:8: 659 daAuts
